 Dungeon Crawl Stone Soup version 0.28-a0-779-g3d1f99b579 (webtiles) character file.

Game seed: 13501763291137235992

79 croobank the Chiller (level 4, -7/39 (46) HPs)
             Began as a Human Ice Elementalist on Nov 2, 2021.
             Was a Priest of Ru.
             Killed from afar by an orc wizard (13 damage)
             ... with a puff of flame
             ... on level 2 of the Dungeon.
             The game lasted 00:20:45 (1986 turns).

croobank the Chiller (Human Ice Elementalist)       Turns: 1986, Time: 00:20:54

HP:   -7/39 (46)    AC:  3    Str:  6 (9)  XL:     4   Next: 64%
MP:   6/8           EV: 12    Int: 13 (15) God:    Ru [***...]
Gold: 90            SH:  0    Dex: 12 (14) Spells: 1/8 levels left

rFire   . . .      SeeInvis .   c - +2 short sword
rCold   . . .      Faith    .   (shield unavailable)
rNeg    . . .      Spirit   .   a - +0 robe
rPois   .          Reflect  .   (no helmet)
rElec   .          Harm     .   b - +0 cloak
rCorr   .          Rampage  .   (no gloves)
Will    .....                   (no boots)
Stlth   ..........              (no amulet)
HPRegen 0.13/turn               (ring unavailable)
MPRegen 0.11/turn               (no ring)

@: berserking, heavily drained, very quick
A: missing a hand
a: Renounce Religion, Draw Out Power


You were on level 2 of the Dungeon.
You worshipped Ru.
Ru was most pleased with you.
You visited 1 branch of the dungeon, and saw 3 of its levels.

You collected 90 gold pieces.

Inventory:

Hand Weapons
 c - a +2 short sword (weapon)
 e - a +0 dagger
Missiles
 d - 22 bolts
 h - 69 stones
Armour
 a - a +0 robe (worn)
 b - a +0 cloak (worn)
 j - a +0 scale mail
 m - a +0 leather armour
Scrolls
 g - a scroll of identify {unknown}
 k - a scroll of teleportation {unknown}
Potions
 n - a potion of flight {unknown}


   Skills:
 + Level 0.4 Fighting
 + Level 0.7 Short Blades
 + Level 2.2 Dodging
 + Level 2.3 Stealth
 + Level 2.9 Spellcasting
 + Level 4.7 Ice Magic


You had one spell level left.
You knew the following spells:

 Your Spells              Type           Power      Damage    Failure   Level
a - Freeze                Ice            56%        1d7       3%          1
b - Frozen Ramparts       Ice            28%        1d4       10%         3
c - Ozocubu's Armour      Ice            14%        N/A       10%         3

Your spell library contained the following spells:

 Spells                   Type           Power      Damage    Failure   Level
 Hailstorm                Conj/Ice       8%         3d4       65%         4


Dungeon Overview and Level Annotations

Branches:
Dungeon (3/15)

Altars:
Ru


Innate Abilities, Weirdness & Mutations

You are missing a hand.


Message History

The orc wizard mumbles some strange words.
The orc wizard flickers and vanishes!
Aiming: Freeze (safe; 3% risk of failure)
Press: ? - help, Q - select action, (/) - cycle Shift-Dir - straight line, f - you
Okay, then.
You closely miss something. Something hits you but does no damage.
You closely miss something.
You feel less exhausted. Something hits you but does no damage.
You hear some strange, mumbled words.
A puff of flame appears from out of thin air!
The puff of flame misses you.
You barely miss something. You hit something but do no damage.
Something hits you.
You closely miss something. Something hits you.
You closely miss something.
You hear some strange, mumbled words.
A puff of flame appears from out of thin air!
The puff of flame hits you!
You closely miss something.
You hear some strange, mumbled words.
Something tries to affect you, but you resist.
Something hits you.
You miss something. Something hits you.
* * * LOW HITPOINT WARNING * * *
You miss something. Something hits you.
* * * LOW HITPOINT WARNING * * *
Something barely misses you.
Aiming: Freeze (safe; 3% risk of failure)
Press: ? - help, Q - select action, (/) - cycle Shift-Dir - straight line You freeze something.
Something hits you.
* * * LOW HITPOINT WARNING * * *
It was a potion of berserk rage.
A red film seems to cover your vision as you go berserk!
You feel yourself moving faster!
You feel mighty!
You hear some strange, mumbled words.
A puff of flame appears from out of thin air!
The puff of flame hits you!
You die...

#....##### #....#......
####.....# #..#........
##....#####..##.#.....
#..<........##.##....
#......##............
######....................
#.....#####...............
#......#####..............
#........@{)..............
######.#####..............
#....................
###..................
#.........>........
##..................
#..##..............#
#.##..#..##..#....##
##.##.###..##....#...


There were no monsters in sight!

Vanquished Creatures
  3 adders (D:2)
  2 worms (D:2)
  A dart slug (D:2)
  2 orcs
  5 ball pythons
  A bat (D:1)
  4 endoplasms
  4 giant cockroaches
  4 hobgoblins
  4 kobolds
  A quokka (D:2)
  A frilled lizard (D:2)
  5 goblins
  3 rats
40 creatures vanquished.

Vanquished Creatures (others)
  2 plants (D:1)
2 creatures vanquished.

Grand Total: 42 creatures vanquished

Notes
Turn   | Place    | Note
-------+----------+-------------------------------------------
     0 | D:1      | croobank the Human Ice Elementalist began the quest for the
                  | Orb.
     0 | D:1      | Reached XP level 1. HP: 13/13 MP: 3/3
   190 | D:1      | Reached XP level 2. HP: 19/19 MP: 3/5
   419 | D:1      | Found a faded altar of an unknown god.
   430 | D:1      | Prayed at the altar of an unknown god.
   430 | D:1      | Became a worshipper of Ru the Awakened
   823 | D:1      | Reached XP level 3. HP: 23/24 MP: 4/6
   949 | D:2      | Gained mutation: You are missing a hand. [Ru sacrifice]
   949 | D:2      | Reached * piety under Ru
   949 | D:2      | Reached ** piety under Ru
   949 | D:2      | Reached *** piety under Ru
  1194 | D:2      | Reached XP level 4. HP: 28/30 MP: 4/8
  1558 | D:2      | Learned a level 3 spell: Frozen Ramparts
  1562 | D:2      | Learned a level 3 spell: Ozocubu's Armour
  1986 | D:2      | Killed from afar by an orc wizard

Illustrated notes

Levels and vault maps discovered:
D:1:      eino_arrival_water_cross, layout_basic, basic_ecumenical_altar
D:2:      layout_rooms
D:3:      layout_loops_cross, minivault_24, minmay_ruptured

Action                   |  1- 3 |  4- 6 || total
-------------------------+-------+-------++-------
Melee: Short sword       |    34 |    47 ||    81
Throw: Dart              |       |     6 ||     6
       Stone             |       |     6 ||     6
 Cast: Freeze            |    29 |    18 ||    47
       Ozocubu's Armour  |       |     1 ||     1
Invok: Sacrifice a Hand  |     1 |       ||     1
       Draw Out Power    |       |     2 ||     2
  Use: Potion            |     2 |     3 ||     5
       Scroll            |     4 |       ||     4
 Stab: Sleeping          |     1 |       ||     1
Armor: Robe              |    13 |    26 ||    39
Dodge: Dodged            |    31 |    28 ||    59

Table legend: (Time is in decaauts)
 A = Elapsed time spent in this place.
 B = Non-inter-level travel time spent in this place.
 C = Inter-level travel time spent in this place.
 D = Time resting spent in this place.
 E = Time spent auto-exploring this place.
 F = Levels seen in this place.
 G = Mean time per level.
                   A        B        C        D        E       F      G
               +--------+--------+--------+--------+--------+-----+--------+
         Total |   1992 |   1943 |     49 |    541 |    863 |   3 |  664.0 |
       Dungeon |   1992 |   1943 |     49 |    541 |    863 |   3 |  664.0 |
               +--------+--------+--------+--------+--------+-----+--------+

Top non-repeatable levels by time:
     D:2: 1035 daAuts
     D:1: 934 daAuts
     D:3: 23 daAuts
